 Dungeon Crawl Stone Soup version 0.30-a0-1016-gfb0d676c02 (webtiles) character file.

Game seed: 17790266531761011143

74 Arcadio the Sneak (level 4, -4/27 HPs)
             Began as a Vampire Brigand on Apr 6, 2023.
             Was a Follower of Lugonu.
             Killed by divine providence
             ... invoked by an orc priest
              (13 damage)
             ... on level 3 of the Dungeon.
             The game lasted 00:10:29 (2193 turns).

Arcadio the Sneak (Vampire Brigand)                 Turns: 2193, Time: 00:10:29

Health: -4/27      AC:  0    Str:  8 (10) XL:     4   Next: 10%
Magic:  2/4        EV: 18    Int: 11 (13) God:    Lugonu [*.....]
Gold:   185        SH:  0    Dex: 20 (22) Spells: 2/3 levels left

rFire   . . .      SeeInvis +    a - melded +2 dagger
rCold   + + .      Faith    .    (shield currently unavailable)
rNeg    + + +      Spirit   .    b - melded +0 robe
rPois   ∞          Reflect  .    (helmet currently unavailable)
rElec   .          Rampage  .    c - melded +0 cloak
rCorr   .                        (gloves currently unavailable)
Will    .....                    (boots currently unavailable)
Stlth   ++++++                   (no amulet)
HPRegen 0.00/turn                q - melded ring of magical power
MPRegen 0.09/turn                (ring currently unavailable)

@: bat-form, flying, bloodless, inhibited regen, very quick
A: fast, flying, no casting, tiny, bloodless, fangs 3, see invisible, vampiric 2
a: Revivify, End Transformation, Renounce Religion, Depart the Abyss


You were on level 3 of the Dungeon.
You worshipped Lugonu.
Lugonu was aware of your devotion.
You were a vampire bat.
You visited 1 branch of the dungeon, and saw 3 of its levels.

You collected 245 gold pieces.
You spent 60 gold pieces at shops.

Inventory:

Hand Weapons
 a - a +2 dagger (melded)
Missiles
 d - 9 poisoned darts (quivered)
 e - 3 curare-tipped darts
Armour
 b - a +0 robe (melded)
 c - a +0 cloak (melded)
 t - a +0 buckler
Jewellery
 q - a ring of magical power (melded)
Scrolls
 g - a scroll of amnesia {unknown}
 h - a scroll of fear {unknown}
 i - 2 scrolls of teleportation
 k - a scroll of vulnerability {unknown}
 n - a scroll of enchant weapon {unknown}
 o - 3 scrolls of butterflies {unknown}
 r - a scroll of immolation {unknown}
 s - a scroll of fog {unknown}
Potions
 f - 2 potions of mutation
 j - 3 potions of haste
 l - 2 potions of heal wounds {unknown}
 m - 2 potions of curing
 p - 2 potions of brilliance {unknown}


   Skills:
 + Level 2.7 Fighting
 + Level 3.2 Short Blades
 - Level 1.5 Throwing
 - Level 1.1 Dodging
 + Level 6.8 Stealth


You had 2 spell levels left.
You knew the following spells:

 Your Spells              Type           Power      Damage    Failure   Level
a - Kiss of Death         Conj/Necr      0%         2d5       34%         1

Your spell library contained the following spells:

 Spells                   Type           Power      Damage    Failure   Level
 Magic Dart               Conj           0%         1d3       34%         1
 Call Imp                 Summ           0%         N/A       47%         2
 Confusing Touch          Hex            0%         N/A       71%         3
 Mephitic Cloud           Conj/Pois/Air  0%         N/A       71%         3
 Dispel Undead            Necr           0%         3d6       98%         4


Dungeon Overview and Level Annotations

Branches:
Dungeon (3/15) Zot: 15824

Altars:
Lugonu

Shops:
D:1 !(?

Annotations:
D:3 3 runed translucent doors, Winter's ghost, amateur MiFi


Innate Abilities, Weirdness & Mutations

You are a vampire bat.
You are tiny and dextrous.
You move quickly.
You are flying.
You are immune to poison.
Your equipment is almost entirely melded.
You are incapable of wielding weapons or throwing items.
You cannot cast spells.
You do not regenerate when monsters are visible.
You are frail without blood (-20% HP).
You can heal yourself when you bite living creatures.
You are immune to poison.
You have razor-sharp teeth.
You have supernaturally acute eyesight. (SInv)
You are afflicted with vampirism and can become a bat while bloodless.


Message History

You now have 172 gold pieces (gained 17).
You now have 185 gold pieces (gained 13).
You open the door.
There is an open door here.
A hobgoblin comes into view.
A hobgoblin is nearby!
The helpless hobgoblin fails to defend itself.
You bite the hobgoblin, and draw its blood!
You impale the hobgoblin!!
You kill the hobgoblin!
Lugonu accepts your kill.
You open the door. You open the door.
A hobgoblin, an orc priest, 2 orcs and an orc wizard come into view.
Found a runed dagger.
An orc comes into view. It is wielding a +0 trident.
The orc wizard shouts!
The orc shouts!
The hobgoblin shouts!
The orc priest shouts!
The orc priest mumbles some strange prayers to Beogh against you.
Beogh smites you!
Ouch! That really hurt!
There is an open door here.
The orc wizard points at you and mumbles some strange words.
You are confused.
Okay, then.
It was a potion of curing.
You feel better.
You fail to use your ability.
The orc priest begins to cast a cantrip, but forgets the words!
You fail to use your ability.
You fail to use your ability.
The orc priest misses you. The orc hits you with a +0 club.
You turn into a vampire bat.
Your +2 dagger melds into your body.
Your +0 cloak melds into your body.
Your +0 robe melds into your body.
Your ring of magical power melds into your body.
You feel your magic capacity decrease.
You feel weakened.
You feel dopey.
You feel clumsy. The orc priest hits you with a +0 whip.
The orc priest invokes the aid of Beogh against you.
Beogh smites you!
You die...

#### ###### ##... #....# ......
#....# ......##....#
#......o#....#############
##.......goo...'..........>.
#......)..o#....###########'# #
#..# .......#b...# #....
###..###.......#....### #....
#)>...................#### #....
.....# #########........# #....
#....###### #........# #....
#..####...# #........####....
#..####..)#######...........#....
.......................#....#....
.......................#....###.#


You could see an orc priest, an orc wizard and an orc (wandering).

Vanquished Creatures
  3 adders (D:3)
  An orc (D:3)
  3 endoplasms
  2 giant cockroaches
  7 goblins
  6 hobgoblins
  2 quokkas (D:3)
  4 ball pythons
  6 bats
  3 frilled lizards
  5 kobolds
  4 rats
46 creatures vanquished.

Notes
Turn   | Place    | Note
-------+----------+-------------------------------------------
     0 | D:1      | Arcadio the Vampire Brigand began the quest for the Orb.
     0 | D:1      | Reached XP level 1. HP: 16/16 MP: 1/1
    90 | D:1      | Reached skill level 6 in Stealth
   115 | D:1      | Found Muamubb's Distillery.
   207 | D:1      | Reached XP level 2. HP: 22/22 MP: 2/2
   231 | D:1      | Found Heudis's Antique Weapon Shoppe.
   286 | D:1      | Learned a level 1 spell: Kiss of Death
   470 | D:1      | Found The Oracle's Delphic Readings.
   474 | D:1      | Bought a scroll of teleportation for 36 gold pieces
   474 | D:1      | Bought a scroll of identify for 24 gold pieces
  1010 | D:2      | Found a faded altar of an unknown god.
  1025 | D:2      | Prayed at the altar of an unknown god.
  1025 | D:2      | Became a worshipper of Lugonu the Unformed
  1025 | D:2      | Reached * piety under Lugonu
  1041 | D:2      | Gained mutation: You are afflicted with vampirism and can
                  | become a bat while bloodless. [Vampire growth]
  1041 | D:2      | Reached XP level 3. HP: 28/28 MP: 3/3
  1733 | D:3      | Reached XP level 4. HP: 17/27 MP: 4/4
  2017 | D:3      | Found a runed translucent gate.
  2021 | D:3      | Found a runed translucent gate.
  2021 | D:3      | Noticed Winter's ghost (amateur MiFi)
  2022 | D:3      | Found a runed translucent gate.
  2023 | D:3      | Identified the +0 dagger "Hewkoffe" {heavy, rF++}
  2193 | D:3      | Killed from afar by an orc priest

Illustrated notes

Levels and vault maps discovered:
D:1:      heliophobic_arrival_dark_side_of_the_moon, layout_basic, serial_shops,
          shop, nicolae_shop_temple_entry_statues_fountains, minmay_misc_feat_x,
          corexii_corridor_pit, nicolae_nh_oracle_at_delphi
D:2:      layout_rooms, hellmonk_ecumenical_altar_run_dry, minmay_tiny_reverse_x
D:3:      layout_basic, biasface_ghost_orc_armoury

Skill      XL: |  1  2  3 |
---------------+----------+-----
Stealth        | 6 |  6.8
Fighting       | 2 |  2.7
Short Blades   | 3 |  3.2
Throwing       | |  1.5
Dodging        | |  1.1

Action                     |  1- 3 |  4- 6 || total
---------------------------+-------+-------++-------
  Melee: Dagger            |   106 |     5 ||   111
         Bite              |    11 |       ||    11
         Punch             |     1 |       ||     1
   Cast: Kiss of Death     |     1 |       ||     1
Ability: Exsanguinate      |     1 |       ||     1
         Bat Form          |       |     1 ||     1
    Use: Scroll            |     2 |       ||     2
         Potion            |       |     1 ||     1
   Stab: Sleeping          |    14 |     5 ||    19
 Armour: Robe              |    23 |       ||    23
  Dodge: Dodged            |    60 |     1 ||    61

Table legend: (Time is in decaauts)
 A = Elapsed time spent in this place.
 B = Non-inter-level travel time spent in this place.
 C = Inter-level travel time spent in this place.
 D = Time resting spent in this place.
 E = Time spent auto-exploring this place.
 F = Levels seen in this place.
 G = Mean time per level.
                   A        B        C        D        E       F      G
               +--------+--------+--------+--------+--------+-----+--------+
         Total |   2175 |   2117 |     58 |     85 |   1520 |   3 |  725.0 |
       Dungeon |   2175 |   2117 |     58 |     85 |   1520 |   3 |  725.0 |
               +--------+--------+--------+--------+--------+-----+--------+

Top non-repeatable levels by time:
     D:1: 878 daAuts
     D:3: 741 daAuts
     D:2: 555 daAuts
